 Dungeon Crawl Stone Soup version 0.29-a0-555-g3b24f45cc1 (webtiles) character file.

Game seed: 9109582433096831532

629 grumblor the Chopper (level 7, -9/37 HPs)
             Began as a Vine Stalker Fighter on June 7, 2022.
             Was an Initiate of Ru.
             Mangled by an orc warrior
             ... wielding a +0 battleaxe
              (18 damage)
             ... on level 5 of the Dungeon.
             The game lasted 00:07:14 (2992 turns).

grumblor the Chopper (Vine Stalker Fighter)         Turns: 2992, Time: 00:07:15

Health: -9/37      AC: 14    Str: 26    XL:     7   Next: 48%
Magic:  0/8        EV:  7    Int:  8    God:    Ru [......]
Gold:   156        SH:  5    Dex: 14    Spells: 6/6 levels left

rFire   . . .      SeeInvis .   a - +0 war axe (venom)
rCold   . . .      Faith    .   c - +0 buckler
rNeg    . . .      Spirit   +   n - +1 plate armour
rPois   .          Reflect  .   k - +0 helmet
rElec   .          Harm     .   (no cloak)
rCorr   .          Rampage  .   (no gloves)
Will    .....                   f - +0 pair of boots
Stlth   ..........              j - amulet of magic regeneration
HPRegen 0.92/turn               i - +6 ring of strength
MPRegen 0.51/turn               (no ring)

@: no status effects
A: fangs 2, regeneration 1, magic shield, antimagic bite, no potion heal 2
a: Renounce Religion


You were on level 5 of the Dungeon.
You worshipped Ru.
Ru was noncommittal.
You visited 2 branches of the dungeon, and saw 6 of its levels.

You collected 156 gold pieces.

Inventory:

Hand Weapons
 a - a +0 war axe of venom (weapon)
Missiles
 e - 5 poisoned darts (quivered)
 m - 4 boomerangs
Armour
 c - a +0 buckler (worn)
 f - a +0 pair of boots (worn)
 k - a +0 helmet (worn)
 n - a +1 plate armour (worn)
Jewellery
 i - a +6 ring of strength (left hand)
 j - an amulet of magic regeneration (around neck)
Scrolls
 h - 3 scrolls of teleportation
 o - a scroll of enchant armour
 p - a scroll of fog {unknown}
Potions
 b - 2 potions of flight
 d - a potion of might
 g - a potion of curing {unknown}
 l - 3 potions of heal wounds {unknown}


   Skills:
 * Level 4.1 Fighting
 + Level 4.5 Axes
 + Level 2.0 Throwing
 + Level 3.3 Armour
 * Level 2.3 Dodging
 + Level 3.2 Shields


You had 6 spell levels left.
You didn't know any spells.
Your spell library contained the following spells:

 Spells                   Type           Power      Damage    Failure   Level
 Poisonous Vapours        Pois/Air       0%         N/A       100%        2
 Corpse Rot               Necr/Pois/Air  0%         N/A       100%        4


Dungeon Overview and Level Annotations

Branches:
Dungeon (5/15)             Temple (1/1) D:5

Altars:
Kikubaaqudgha
Nemelex Xobeh
Ru
Xom

Shops:
D:1 (   D:3 =   D:4 (


Innate Abilities, Weirdness & Mutations

You have extremely sharp teeth.
Your natural rate of healing is unusually fast.
When hurt, damage is shared between your health and your magic reserves.
Your bite disrupts and absorbs the magic of your enemies.
Potions cannot restore your health.


Message History

The orc warrior shouts!
A scorpion comes into view.
The orc warrior barely misses you.
You barely miss the orc warrior.
You bite the orc warrior, but do no damage.
You block the orc warrior's attack. The orc warrior barely misses you.
You hit the scorpion.
The scorpion is poisoned.
You bite the scorpion, but do no damage.
The scorpion is lightly wounded.
You hit the orc warrior but do no damage.
The orc warrior is poisoned.
The scorpion stings you but does no damage.
The orc warrior hits you with a +0 battleaxe!!
You hit the scorpion but do no damage.
The scorpion looks as sick as possible!
You bite the scorpion, but do no damage.
The scorpion is heavily wounded.
You hit the orc warrior.
The orc warrior looks as sick as possible!
The scorpion closely misses you.
An ogre comes into view. It is wielding a +0 giant club.
The orc warrior barely misses you. The scorpion completely misses you.
You hit the scorpion but do no damage.
The scorpion looks as sick as possible!
Your bite misses the scorpion.
The scorpion is severely wounded.
You hit the orc warrior.
The orc warrior looks as sick as possible!
You kill the scorpion!
The orc warrior hits you with a +0 battleaxe!
The orc warrior hits you with a +0 battleaxe.
You are too injured to fight recklessly!
Unknown command.
You hit the orc warrior but do no damage.
The orc warrior looks as sick as possible!
The orc warrior is heavily wounded.
The orc warrior hits you with a +0 battleaxe.
* * * LOW HITPOINT WARNING * * *
Unknown command.
The orc warrior attacks as you move away!
The orc warrior hits you with a +0 battleaxe!!
You die...

#...##..>..##..........#
..#..#........#..##.##....
#####.##...###...#.#.## .
#..#.###............
##.#.#.........####.
......#.......###.
#.#...............
#...###........#. #.?#
#...@..#....
#.........o.##..
####.#..O.# ## #.#......
#......### ####.#.# ....#
#....


You could see an orc warrior (extremely poisoned) and an ogre.

Vanquished Creatures
  An ice beast (D:4)
  2 phantoms
  Blork the orc (D:4)
  A scorpion (D:5)
  A hound (D:5)
  A jelly (D:5)
  2 orc priests (D:3)
  An orc wizard (D:3)
  7 adders
  2 worms
  5 orcs
  4 ball pythons
  6 endoplasms
  6 hobgoblins
  2 jackals (D:1)
  A quokka (D:1)
  2 bats
  2 frilled lizards
  3 goblins (D:3)
  4 kobolds
  4 rats
58 creatures vanquished.

Vanquished Creatures (others)
  2 fungi (D:2)
  29 plants (D:2)
31 creatures vanquished.

Grand Total: 89 creatures vanquished

Notes
Turn   | Place    | Note
-------+----------+-------------------------------------------
     0 | D:1      | grumblor the Vine Stalker Fighter began the quest for the
                  | Orb.
     0 | D:1      | Reached XP level 1. HP: 11/11 MP: 2/2
   150 | D:1      | Reached XP level 2. HP: 16/16 MP: 3/3
   357 | D:1      | Found Jomiekh's Weapon Emporium.
   387 | D:1      | You fall into a shaft and drop 1 floor!
   390 | D:2      | Found a shimmering altar of Xom.
   664 | D:2      | Reached XP level 3. HP: 14/20 MP: 2/4
   986 | D:2      | Found a faded altar of an unknown god.
  1014 | D:2      | Reached skill level 1 in Dodging
  1412 | D:2      | Gained mutation: Your natural rate of healing is unusually
                  | fast. [Vine Stalker growth]
  1412 | D:2      | Reached XP level 4. HP: 23/24 MP: 5/5
  1663 | D:3      | Noticed a phantom
  1676 | D:3      | Killed a phantom
  1677 | D:3      | Reached skill level 1 in Throwing
  1677 | D:3      | Reached XP level 5. HP: 23/28 MP: 6/6
  1875 | D:3      | Found Sitocwis's Jewellery Boutique.
  2050 | D:3      | Identified the +2 whip of the Slashing Seeker {elec, rElec
                  | rC+ Str+3 Dex+7}
  2074 | D:3      | Reached XP level 6. HP: 23/33 MP: 4/7
  2334 | D:4      | Found Douduat's Antique Weapon Emporium.
  2514 | D:4      | Noticed an ice beast
  2528 | D:4      | Killed an ice beast
  2543 | D:4      | Noticed Blork the orc
  2550 | D:4      | Killed Blork the orc
  2551 | D:4      | Reached XP level 7. HP: 37/37 MP: 6/8
  2751 | D:5      | Entered Level 5 of the Dungeon
  2929 | D:5      | Found a staircase to the Ecumenical Temple.
  2952 | Temple   | Entered the Ecumenical Temple
  2958 | Temple   | Became a worshipper of Ru the Awakened
  2992 | D:5      | Mangled by an orc warrior

Illustrated notes

Levels and vault maps discovered:
D:1:      dpeg_arrival_simpleton_b, layout_loops_ring, serial_shops,
          nicolae_square_shop
D:2:      layout_loops_ring, basic_altar,
          shapermc_ecumenical_altar_mp_urbaneastern, serial_bayou_lagoon_a,
          grunt_decor_mini_mirrors
D:3:      layout_loops_ring, serial_shops, shop, minmay_misc_feat_hallway
D:4:      layout_rooms, serial_shops, shop, uniq_blork_the_orc
D:5:      layout_loops_cross, minmay_temple_entry_slanted,
          roderic_roman_lattice, hangedman_decor_opposing,
          minmay_manual_monstrance
Temple:   kb_temple_of_zot

Skill      XL: |  1  2  3  4  5  6  7 |
---------------+----------------------+-----
Fighting       | 3 4 |  4.1
Axes           | 2 3 4 |  4.5
Dodging        | 1 2 |  2.3
Shields        | 3 |  3.2
Throwing       | 1 2 |  2.0
Armour         | 3 |  3.3

Action                   |  1- 3 |  4- 6 |  7- 9 || total
-------------------------+-------+-------+-------++-------
Melee: War axe           |    62 |    61 |    19 ||   142
       Bite              |     7 |    18 |     9 ||    34
  Use: Scroll            |     3 |     4 |     2 ||     9
Armor: Scale mail        |    31 |     9 |       ||    40
       Chain mail        |       |    13 |       ||    13
       Plate armour      |       |       |     3 ||     3
Dodge: Dodged            |    27 |    18 |    13 ||    58
Block: Buckler           |    13 |    11 |     7 ||    31

Table legend: (Time is in decaauts)
 A = Elapsed time spent in this place.
 B = Non-inter-level travel time spent in this place.
 C = Inter-level travel time spent in this place.
 D = Time resting spent in this place.
 E = Time spent auto-exploring this place.
 F = Levels seen in this place.
 G = Mean time per level.
                   A        B        C        D        E       F      G
               +--------+--------+--------+--------+--------+-----+--------+
         Total |   3062 |   2798 |    264 |      0 |   2266 |   6 |  510.3 |
       Dungeon |   3049 |   2791 |    258 |      0 |   2266 |   5 |  609.8 |
        Temple |     12 |      6 |      6 |      0 |      0 |   1 |   12.0 |
               +--------+--------+--------+--------+--------+-----+--------+

Top non-repeatable levels by time:
     D:2: 1273 daAuts
     D:3: 746 daAuts
     D:4: 524 daAuts
     D:1: 394 daAuts
     D:5: 110 daAuts
  Temple: 12 daAuts
